 Dungeon Crawl Stone Soup version 0.29.1-2-gbd0b4ee654 (webtiles) character file.

Game seed: 16864497757898484816

17678 zeram the Severer (level 12, -7/90 HPs)
             Began as a Hill Orc Fighter on Nov 4, 2022.
             Was a Follower of Yredelemnul.
             Killed from afar by a smoke demon (15 damage)
             ... with a ball of steam
             ... summoned by an orc sorcerer
             ... led by an orc knight
             ... on level 1 of the Orcish Mines.
             The game lasted 00:28:30 (9726 turns).

zeram the Severer (Hill Orc Fighter)                Turns: 9726, Time: 00:28:31

Health: -7/90      AC: 27    Str: 22    XL:     12   Next: 50%
Magic:  12/12      EV:  7    Int: 10    God:    Yredelemnul [*.....]
Gold:   1509       SH: 12    Dex: 10    Spells: 11/11 levels left

rFire   . . .      SeeInvis .   e - +3 war axe (freeze)
rCold   . . .      Faith    .   k - +2 kite shield
rNeg    . . .      Spirit   .   r - +0 plate armour
rPois   .          Reflect  .   I - +0 helmet
rElec   .          Harm     .   i - +1 cloak
rCorr   .          Rampage  .   B - +1 pair of gloves
Will    .....                   x - +0 pair of boots
Stlth   ..........              w - amulet of regeneration
HPRegen 1.05/turn               K - +4 ring of slaying
MPRegen 0.13/turn               m - +4 ring of protection

@: no status effects
A: no striking features
a: Renounce Religion, Recall Undead Harvest


You were on level 1 of the Orcish Mines.
You worshipped Yredelemnul.
Yredelemnul was noncommittal.
You visited 3 branches of the dungeon, and saw 11 of its levels.

You collected 1808 gold pieces.
You spent 299 gold pieces at shops.

Inventory:

Hand Weapons
 d - a +3 whip
 e - a +3 war axe of freezing (weapon)
Armour
 i - a +1 cloak (worn)
 k - a +2 kite shield (worn)
 r - a +0 plate armour (worn)
 x - a +0 pair of boots (worn)
 B - a +1 pair of gloves (worn)
 I - a +0 helmet (worn)
Jewellery
 h - a ring of flight
 m - a +4 ring of protection (right hand)
 o - a ring of protection from fire
 w - an amulet of regeneration (around neck)
 K - a +4 ring of slaying (left hand)
Wands
 a - a wand of polymorph (5)
 g - a wand of flame (42)
 t - a wand of iceblast (4)
 y - a wand of charming (9)
 F - a wand of mindburst (8)
Scrolls
 j - a scroll of fear
 s - 2 scrolls of silence
 v - 4 scrolls of identify
 A - 4 scrolls of amnesia
 D - 2 scrolls of fog
 E - 2 scrolls of teleportation
Potions
 l - a potion of cancellation
 u - 2 potions of haste
 z - 3 potions of magic


   Skills:
 - Level 3.6 Fighting
 + Level 17.9 Axes
 + Level 11.1 Armour
 + Level 5.3 Dodging
 + Level 10.3 Shields
 + Level 0.3 Invocations
 + Level 0.6 Evocations


You had 11 spell levels left.
You didn't know any spells.
Your spell library contained the following spells:

 Spells                   Type           Power      Damage    Failure   Level
 Magic Dart               Conj           0%         1d3       100%        1
 Necrotise                Necr           0%         1d4       100%        1
 Blink                    Tloc           0%         N/A       100%        2
 Call Imp                 Summ           0%         N/A       100%        2
 Call Canine Familiar     Summ           0%         N/A       100%        3
 Confusing Touch          Hex            0%         N/A       100%        3
 Lesser Beckoning         Tloc           0%         N/A       100%        3
 Mephitic Cloud           Conj/Pois/Air  0%         N/A       100%        3
 Portal Projectile        Hex/Tloc       0%         N/A       100%        3
 Vampiric Draining        Necr           0%         2d6       100%        3
 Leda's Liquefaction      Hex/Erth       0%         N/A       100%        4
 Olgreb's Toxic Radiance  Pois           0%         N/A       100%        4
 Agony                    Necr           0%         N/A       100%        5
 Fireball                 Conj/Fire      0%         3d3       100%        5
 Iskenderun's Battlesphe  Conj           0%         2d6       100%        5
 Manifold Assault         Tloc           0%         N/A       100%        5
 Yara's Violent Unravell  Hex/Tmut       0%         3d3       100%        5
 Conjure Ball Lightning   Conj/Air       0%         3x3d6     100%        6
 Enfeeble                 Hex            0%         N/A       100%        7
 Orb of Destruction       Conj           0%         9d5       100%        7
 Ozocubu's Refrigeration  Ice            0%         4d7       100%        7
 Ignition                 Fire           0%         3d3       100%        8


Dungeon Overview and Level Annotations

Branches:
Dungeon (9/15)             Temple (1/1) D:4            Lair (0/5) D:8
    Orc (1/2) D:9

Altars:
Ashenzari
Cheibriados
Dithmenos
Elyvilon
Fedhas
Gozag
Hepliaklqana
Kikubaaqudgha
Makhleb
Nemelex Xobeh
Okawaru
Qazlal
Ru
Sif Muna
Trog
Uskayaw
Vehumet
Wu Jian
Xom
Yredelemnul
Zin
The Shining One

Shops:
D:7 [


Message History

a +0 hand axe; 3 boomerangs; a +0 chain mail You slash the orc priest!
You freeze the orc priest.
You kill the orc priest!
Your warg zombie closely misses the orc knight.
Your orc zombie hits the orc knight but does no damage.
Unknown command.
You swap places.
The orc sorcerer gestures wildly while chanting.
The orc knight hits you from afar with a +0 halberd!!
* * * LOW HITPOINT WARNING * * *
Your warg zombie barely misses the orc knight.
The red devil barely misses your orc zombie.
You hit the smoke demon. You freeze the smoke demon.
The smoke demon is lightly wounded.
You slash the orc sorcerer! You freeze the orc sorcerer.
The orc no longer looks unusually strong.
The orc sorcerer hits you but does no damage.
The orc knight hits you from afar with a +0 halberd!
* * * LOW HITPOINT WARNING * * *
Your orc zombie hits the orc knight.
Your warg zombie completely misses the orc knight.
Your orc zombie hits the orc knight but does no damage.
Okay, then.
As you read the scroll of fear, it crumbles to dust.
You assume a fearsome visage.
The orc warrior looks frightened!
The smoke demon looks frightened!
The red devil looks frightened!
The chaos spawn looks frightened!
The orc knight looks frightened!
The orc looks frightened!
The orc sorcerer looks frightened!
The orc sorcerer hits your orc zombie with a +0 dagger!
Your orc zombie is destroyed!
You can no longer trade souls for undead servants.
Your warg zombie misses the orc knight.
Things that are here:
a +0 hand axe; 3 boomerangs; a +0 chain mail The orc hits your orc zombie with a +1 trident of venom.
Your orc zombie misses the orc.
The smoke demon gestures at you. The ball of steam hits you!
You die...
Your body rises from the dead as a mindless zombie.

.....# ...# #####.Zo.
....#. ###.4..ZZo###..$...
##.##...Z..Z#.....#
#...###....)....##.
##..###.....)).......
##...#.##.......3.##.#
##.#.....####ยงยง.#..#
##.........##@#..#.##
##...............####
#...........##.##.#
####......##......###
#.##..#.###......## ######
##.......#.......####.##.##
#......##....)####...Z...#
##.##...#.))).# #....Z..##
#...#......<.####....#.##


You could see an orc sorcerer (strong, fleeing), an orc and a friendly orc
zombie.

Vanquished Creatures
  A boulder beetle (D:9)
  4 two-headed ogres
  A deep elf pyromancer (D:7)
  An orc sorcerer (D:9)
  A cyclops (D:9)
  Maurice (D:8)
  2 kobold demonologists (D:9)
  A hornet (D:6)
  3 trolls
  A slime creature (D:7)
  Prince Ribbit (D:5)
  2 vampires
  2 wyverns (D:8)
  A wraith (D:9)
  Eustachio (D:4)
  A steam dragon (D:8)
  5 yaks (D:9)
  5 water moccasins
  8 wargs
  2 acid dragons (D:7)
  A hell hound (D:9)
  11 orc warriors
  A black bear (D:6)
  An ice beast (D:7)
  A sky beast (D:7)
  An ogre (D:5)
  6 centaurs
  3 phantoms
  3 kobold brigands
  6 scorpions
  2 necrophages
  6 gnoll sergeants
  4 bullfrogs
  9 wights
  6 killer bees
  4 howler monkeys
  A hound (D:7)
  3 jellies
  Crazy Yiuf (D:7)
  8 gnoll boudas (D:9)
  13 orc priests
  Ijyb (D:3)
  3 iguanas
  11 orc wizards
  8 adders
  6 gnolls
  A white imp (D:6)
  2 ufetubi
  A worm (D:4)
  4 dart slugs
  27 orcs
  7 ball pythons
  5 bats
  17 endoplasms
  3 giant cockroaches (D:4)
  10 goblins
  8 hobgoblins
  4 quokkas
  2 frilled lizards
  22 kobolds
  A kobold zombie (D:7)
278 creatures vanquished.

Vanquished Creatures (collateral kills)
  A two-headed ogre (D:9)
  A cyclops (D:7)
  A vampire (D:7)
  3 wargs (D:9)
  A water moccasin (D:8)
  An ice beast (D:5)
  2 ogres
  2 gnoll sergeants
  A scorpion (D:5)
  2 wights (D:7)
  A killer bee (D:7)
  2 howler monkeys
  A hound (D:6)
  An iguana (D:6)
  2 gnolls
  An adder (D:5)
  An orc (Orc:1)
  A kobold (D:7)
  An orc zombie (D:7)
26 creatures vanquished.

Vanquished Creatures (others)
  A hell hound zombie (D:9)
  A water moccasin zombie (D:7)
  6 warg zombies (D:9)
  4 yak zombies (D:9)
  A troll zombie (D:7)
  A bullfrog zombie (D:7)
  3 centaur zombies
  A scorpion zombie (D:7)
  A killer bee zombie (D:9)
  2 howler monkey zombies (D:9)
  2 iguana zombies
  An orc (D:8)
  10 gnoll zombies
  An endoplasm zombie (D:4)
  A giant cockroach zombie (D:4)
  3 kobold zombies (D:7)
  20 orc zombies
  A spectral ufetubus (D:6)
  2 fungi (D:2)
  13 plants
  6 toadstools (D:2)
81 creatures vanquished.

Grand Total: 385 creatures vanquished

Notes
Turn   | Place    | Note
-------+----------+-------------------------------------------
     0 | D:1      | zeram the Hill Orc Fighter began the quest for the Orb.
     0 | D:1      | Reached XP level 1. HP: 19/19 MP: 1/1
   365 | D:1      | Reached XP level 2. HP: 22/26 MP: 2/2
   415 | D:1      | Reached skill level 3 in Axes
   843 | D:2      | Found a faded altar of an unknown god.
   857 | D:2      | Reached XP level 3. HP: 22/31 MP: 3/3
  1324 | D:2      | Reached skill level 4 in Axes
  1324 | D:2      | Reached XP level 4. HP: 26/39 MP: 4/4
  1688 | D:2      | Reached XP level 5. HP: 44/45 MP: 5/5
  1990 | D:3      | Reached skill level 5 in Axes
  2102 | D:3      | Noticed Ijyb
  2114 | D:3      | Killed Ijyb
  2439 | D:3      | Reached skill level 6 in Axes
  2439 | D:3      | Reached XP level 6. HP: 51/51 MP: 6/6
  2902 | D:3      | Identified a scroll of acquirement
  2902 | D:3      | Acquired 1018 gold pieces
  3104 | D:3      | Reached skill level 1 in Dodging
  3313 | D:4      | Found a staircase to the Ecumenical Temple.
  3368 | Temple   | Entered the Ecumenical Temple
  3635 | Temple   | Became a worshipper of Yredelemnul the Dark
  3704 | D:4      | Reached * piety under Yredelemnul
  3705 | D:4      | Reached skill level 7 in Axes
  3793 | D:4      | Reached XP level 7. HP: 56/57 MP: 7/7
  3855 | D:4      | Reached ** piety under Yredelemnul
  3862 | D:4      | Reached skill level 8 in Axes
  3862 | D:4      | Reached skill level 5 in Armour
  3951 | D:4      | Noticed Eustachio
  3978 | D:4      | Killed Eustachio
  4413 | D:5      | Entered Level 5 of the Dungeon
  4414 | D:5      | Noticed Prince Ribbit
  4424 | D:5      | Reached XP level 8. HP: 53/64 MP: 8/8
  4450 | D:5      | Killed Prince Ribbit
  4451 | D:5      | Reached skill level 9 in Axes
  4451 | D:5      | Reached skill level 5 in Shields
  4627 | D:5      | Reached skill level 10 in Axes
  5291 | D:6      | Found a sacrificial altar of Ru.
  5291 | D:6      | Found a stormy altar of Qazlal.
  5299 | D:6      | Reached XP level 9. HP: 54/70 MP: 9/9
  5353 | D:6      | Noticed a two-headed ogre
  5385 | D:6      | Reached skill level 11 in Axes
  5390 | D:6      | Killed a two-headed ogre
  5723 | D:6      | Reached skill level 12 in Axes
  5971 | D:7      | Noticed a hornet
  5974 | D:7      | Paralysed by a hornet for 2 turns
  5987 | D:6      | Paralysed by a hornet for 3 turns
  5993 | D:6      | Paralysed by a hornet for 1 turns
  5994 | D:6      | Killed a hornet
  6088 | D:7      | Found Epabyroics's Antique Armour Shoppe.
  6097 | D:7      | Bought a pair of boots for 112 gold pieces
  6097 | D:7      | Bought a pair of embroidered gloves for 187 gold pieces
  6205 | D:7      | Reached XP level 10. HP: 62/77 MP: 10/10
  6313 | D:7      | Reached skill level 13 in Axes
  6364 | D:7      | Reached *** piety under Yredelemnul
  6434 | D:7      | Noticed a deep elf pyromancer
  6452 | D:7      | Killed a deep elf pyromancer
  6524 | D:7      | Noticed a cyclops
  6543 | D:7      | Killed a cyclops
  6544 | D:7      | Reached **** piety under Yredelemnul
  6632 | D:7      | Found a burning altar of Makhleb.
  6652 | D:7      | Found a bloodstained altar of Trog.
  6652 | D:7      | Found a white marble altar of Elyvilon.
  6655 | D:7      | Found a sparkling altar of Nemelex Xobeh.
  6657 | D:7      | Found a shadowy altar of Dithmenos.
  6658 | D:7      | Found an ornate altar of the Wu Jian Council.
  6701 | D:7      | Found a runed translucent door.
  6702 | D:7      | Noticed Crazy Yiuf
  6759 | D:7      | Reached skill level 14 in Axes
  7087 | D:7      | Killed Crazy Yiuf
  7226 | D:8      | Reached XP level 11. HP: 54/82 MP: 11/11
  7309 | D:8      | Reached skill level 5 in Dodging
  7324 | D:8      | Reached skill level 15 in Axes
  7366 | D:8      | Found a snail-covered altar of Cheibriados.
  7369 | D:8      | Found a sparkling altar of Nemelex Xobeh.
  7462 | D:8      | Found a radiant altar of Vehumet.
  7463 | D:8      | Found a sparkling altar of Nemelex Xobeh.
  7628 | D:8      | Found a staircase to the Lair.
  7721 | D:8      | Noticed Maurice
  7776 | D:8      | Killed Maurice
  8130 | D:9      | Found a staircase to the Orcish Mines.
  8362 | D:9      | Reached skill level 16 in Axes
  8534 | D:9      | Reached skill level 10 in Armour
  8551 | D:9      | Reached ***** piety under Yredelemnul
  8643 | D:9      | Noticed a two-headed ogre
  8646 | D:9      | Noticed a two-headed ogre
  8651 | D:9      | Killed a two-headed ogre
  8656 | D:9      | Killed a two-headed ogre
  8658 | D:9      | Reached ****** piety under Yredelemnul
  8683 | D:9      | Reached XP level 12. HP: 19/90 MP: 12/12
  8767 | D:9      | Noticed a two-headed ogre
  8778 | D:9      | Killed a two-headed ogre
  8779 | D:9      | Reached skill level 17 in Axes
  8809 | D:9      | Noticed a two-headed ogre
  8810 | D:9      | Noticed a boulder beetle
  8929 | D:9      | Killed a two-headed ogre
  8978 | D:9      | Reached skill level 10 in Shields
  9010 | D:9      | Noticed a soul eater
  9074 | D:9      | Killed a boulder beetle
  9475 | D:9      | Noticed a soul eater
  9532 | Orc:1    | Entered Level 1 of the Orcish Mines
  9721 | Orc:1    | HP: 3/90 [orc knight/+0 halberd (11)]
  9726 | Orc:1    | Killed from afar by a smoke demon

Illustrated notes

Levels and vault maps discovered:
D:1:      psy_arrival_spokes, layout_basic, serial_bayou_ford_a,
          grunt_decor_junction, minmay_misc_feat_more_columns
D:2:      cheibrodos_fertilizer, layout_rooms, chequers_ecumenical_altar_simple,
          wander_ebering_terrifying_dragon_lair
D:3:      kennysheep_the_goblin_king, layout_loops_cross
D:4:      layout_loops_ring, temple_fountains, uniq_eustachio
D:5:      layout_basic, uniq_prince_ribbit1
D:6:      layout_loops_cross, grunt_temple_overflow_open
D:7:      layout_cave_pools, minitemple, serial_shops, shop,
          minmay_shattered_shrine, uniq_crazy_yiuf_cottage
D:8:      minmay_the_grid_octo_tiled_squarecenter [minmay_the_grid_octo_toaster,
          minmay_the_grid_octo_shrine, minmay_the_grid_octo_checkerflower,
          minmay_the_grid_octo_tetromino_candy,
          minmay_the_grid_square_5x5_megaprize_hollow,
          minmay_the_grid_square_5x5_empty, minmay_the_grid_square_5x5_tie,
          minmay_the_grid_square_5x5_beaten_path,
          minmay_the_grid_square_5x5_dogpile], layout_gridville, uniq_maurice
D:9:      lemuel_castle_with_subvaults [lemuel_castle_interior_original],
          layout_irregular_city, david_orc_2, kennysheep_generic_room_15
Temple:   minmay_temple_curvy_branch
Orc:1:    layout_diamond_mine, basic_altar

Skill      XL: |  1  2  3  4  5  6  7  8  9 10 11 12 |
---------------+-------------------------------------+-----
Axes           | 3 4 6 7 8 10 12 14 16 17 | 17.9
Armour         | 4 5 6 8 9 10 11 | 11.1
Shields        | 4 5 6 7 9 10 | 10.3
Dodging        | 1 2 3 4 5 |  5.3
Fighting       | |  3.6
Invocations    | |  0.3
Evocations     | |  0.6

Action                   |  1- 3 |  4- 6 |  7- 9 | 10-12 || total
-------------------------+-------+-------+-------+-------++-------
Melee: War axe           |    72 |   160 |   210 |   480 ||   922
       Unarmed           |       |       |       |     4 ||     4
Invok: Recall Undead Har |       |       |     1 |       ||     1
Evoke: Wand              |       |       |       |     4 ||     4
  Use: Scroll            |     3 |     8 |    11 |     9 ||    31
       Potion            |       |     1 |     5 |     5 ||    11
 Stab: Distracted        |       |     1 |     2 |     3 ||     6
Armor: Scale mail        |    49 |   102 |   105 |   124 ||   380
       Plate armour      |       |       |       |   125 ||   125
Dodge: Dodged            |    36 |    78 |   117 |   175 ||   406
Block: Buckler           |    18 |    36 |    64 |    66 ||   184
       Kite shield       |       |       |       |   134 ||   134
